Map: Acid Plant LE

Players

ShoWTimE - Winner!

  • Race: Protoss Protoss
  • Spawn Location: 5:00

PandaBearMe

  • Race: Zerg Zerg
  • Spawn Location: 11:00

Event: WCS Austin 2018

VOD

Have the link to the VOD?

Description

Time

  • Played on: June 1, 2018, 2:14 p.m.
  • Length: 7:09

All games in this series

Show
View Real Time Build Order
Export as new Build Order

ShoWTimE Protoss - Winner!

Build Orders: 1 Gate Expand, Oracle Opening, Phoenix Opening, Zealot Archon 

Get SALT Encoding   

  12  0:00  Probe  
  13  0:12  Probe  
  14  0:18  Pylon  
  14  0:24  Probe  
  15  0:32  Probe  
  15  0:40  Probe  
  15  0:41  Gateway  
  16  0:47  Assimilator  
  17  0:51  Probe  
  18  1:03  Probe  
  19  1:15  Probe  
  20  1:25  Nexus  
  20  1:37  Cybernetics Core  
  20  1:39  Probe  
  21  1:46  Assimilator  
  21  1:51  Probe  
  22  1:55  Pylon  
  22  2:03  Probe  
  22  2:04  Adept  
  25  2:16  Stargate  
  25  2:18  Probe  
  26  2:24  Warp Gate  
  26  2:30  Probe  
  26  2:31  Adept  
  26  2:34  Probe  
  29  2:42  Probe x2  
  32  2:52  Phoenix, Probe  
  32  2:54  Probe  
  34  3:04  Probe  
  37  3:07  Probe  
  37  3:10  Pylon  
  37  3:12  Oracle  
  38  3:15  Assimilator  
  38  3:16  Probe  
  42  3:23  Probe  
  43  3:28  Gateway  
  43  3:31  Probe  
  44  3:36  Probe  
  44  3:37  Shield Battery  
  45  3:43  Probe  
  45  3:46  Assimilator  
  46  3:48  Probe  
  46  3:51  Probe  
  46  3:55  Pylon  
  48  4:00  Probe  
  48  4:01  Probe  
  49  4:04  Pylon  
  49  4:06  Pylon  
  49  4:08  Adept  
  52  4:13  Oracle, Probe  
  52  4:14  Shield Battery  
  51  4:19  Probe  
  55  4:25  Probe  
  55  4:27  Sentry  
  59  4:31  Probe  
  59  4:32  Robotics Facility  
  59  4:38  Twilight Council  
  59  4:48  Gateway  
  59  4:50  Gateway  
  59  4:53  Adept  
  59  4:54  Adept  
  59  4:58  Charge  
  63  5:00  Probe x2  
  63  5:03  Pylon  
  65  5:09  Gateway  
  65  5:10  Gateway  
  65  5:12  Warp Prism  
  65  5:18  Templar Archives  
  67  5:50  Zealot  
  67  5:51  Pylon  
  69  6:01  Pylon  
  69  6:02  Nexus  
  69  6:11  Zealot x6  
  80  6:20  Pylon  
  80  6:24  Observer  
  81  6:34  High Templar x4  
  81  6:35  High Templar x2  
  81  6:39  Archon x2  
  93  6:40  Archon  
  93  6:43  Probe  
  93  6:44  Pylon, Probe  
  95  6:50  Forge  
  95  6:55  Probe  
  95  6:56  Probe  
  97  7:07  Zealot x4  
  97  7:08  Zealot  
Show
View Real Time Build Order
Export as new Build Order

PandaBearMe Zerg 

Build Orders: 3 Hatch before Pool, Zergling Baneling 

Get SALT Encoding   

  12  0:01  Drone  
  13  0:12  Overlord  
  13  0:16  Drone  
  14  0:30  Drone x2  
  16  0:48  Hatchery  
  16  0:53  Hatchery  
  16  0:57  Drone  
  16  1:00  Drone  
  16  1:04  Drone  
  18  1:06  Extractor  
  17  1:19  Spawning Pool  
  17  1:22  Drone  
  17  1:31  Drone  
  17  1:32  Drone  
  19  1:44  Drone  
  20  1:54  Overlord  
  20  2:06  Queen  
  24  2:09  Metabolic Boost  
  24  2:13  Zergling x2  
  25  2:18  Drone  
  25  2:19  Drone  
  27  2:23  Drone  
  27  2:27  Drone  
  27  2:29  Zergling x2  
  28  2:48  Hatchery  
  27  2:51  Zergling x4  
  27  2:52  Zergling x2  
  27  2:54  Baneling Nest  
  27  2:57  Zergling x2  
  30  2:59  Zergling x2  
  30  3:05  Zergling x2  
  32  3:06  Zergling x2  
  33  3:15  Zergling x6  
  36  3:27  Overlord  
  36  3:45  Baneling x6  
  36  3:49  Baneling x2  
  36  3:51  Overlord  
  36  3:52  Zergling x14  
  42  3:59  Zergling x2  
  43  4:04  Zergling x4  
  43  4:07  Overlord  
  44  4:17  Zergling x4  
  40  4:22  Zergling x2  
  40  4:23  Zergling x2  
  41  4:24  Zergling x4  
  41  4:26  Drone  
  41  4:30  Drone  
  41  4:31  Drone  
  46  4:34  Drone  
  47  4:42  Drone x2  
  47  4:44  Drone  
  50  4:47  Drone  
  50  4:52  Drone x3  
  54  4:56  Overlord  
  54  5:02  Drone x2  
  56  5:07  Drone  
  56  5:08  Drone  
  58  5:14  Spore Crawler  
  58  5:15  Overlord  
  58  5:16  Spore Crawler  
  58  5:21  Queen  
  56  5:29  Spore Crawler  
  50  5:37  Drone  
  50  5:42  Drone x6  
  56  5:47  Drone x2  
  56  5:57  Drone  
  56  5:58  Drone  
  58  6:06  Overlord  
  58  6:07  Drone x2  
  60  6:16  Overlord  
  60  6:17  Drone x2  
  60  6:20  Drone x2, Roach Warren  
  60  6:24  Queen  
  61  6:34  Drone x6  
  65  6:40  Extractor  
  65  6:49  Evolution Chamber, Drone x5  
Tags
 
Add a new tag
Caveats
  • Supply blocks, unpowered buildings, or Contaminate may cause inaccurate times.
  • Supply counts are checked every 10 seconds.